SA
SYRACUSE STORM @ KENNESAW JETS
08/29/2028
 
TOP OF THE 1ST
Syracuse Storm batting - Pitching for Kennesaw Jets : LHP Osiris St. Brown
Pitching: LHP Osiris St. Brown
Batting: LHB Juan Caro 0-0: Ball
1-0: Foul Ball, location: 2F
1-1: Ball
2-1: Foul Ball, location: 2F
2-2: Strikes out swinging
Batting: LHB António Paez 0-0: Ball
1-0: Ground out 6-3 (Groundball, 6D)
Batting: RHB Scotty Smalls 0-0: Called Strike
0-1: Ground out 6-3 (Groundball, 56)
Top of the 1st over - 0 run(s), 0 hit(s), 0 error(s), 0 left on base; Syracuse 0 - Kennesaw 0
BOTTOM OF THE 1ST
Kennesaw Jets batting - Pitching for Syracuse Storm : LHP Shi-xian Kuai
Pitching: LHP Shi-xian Kuai
Batting: RHB José Luna 0-0: Ball
1-0: Foul Ball, location: 2F
1-1: Ball
2-1: Foul Ball, location: 2F
2-2: Foul Ball, location: 2F
2-2: Ground out 5-3 (Groundball, 56)
Batting: RHB Lester Kwiatkowski 0-0: Ball
1-0: Ground out 6-3 (Groundball, 6)
Batting: RHB Jorge Cortéz 0-0: SINGLE (Groundball, 6D)
Batting: RHB José Leyva 0-0: Foul Ball, location: 2F
0-1: Called Strike
0-2: Strikes out swinging
Bottom of the 1st over - 0 run(s), 1 hit(s), 0 error(s), 1 left on base; Syracuse 0 - Kennesaw 0
TOP OF THE 2ND
Syracuse Storm batting - Pitching for Kennesaw Jets : LHP Osiris St. Brown
Batting: RHB Tommy Caplinger 0-0: Called Strike
0-1: Swinging Strike
0-2: Ball
1-2: Strikes out looking
Batting: RHB Aethelwulf Haraldson 0-0: Called Strike
0-1: Ball
1-1: Ground out U3 (Groundball, 3L)
Batting: RHB Harry MacCash 0-0: Swinging Strike
0-1: Ball
1-1: Swinging Strike
1-2: Strikes out looking
Top of the 2nd over - 0 run(s), 0 hit(s), 0 error(s), 0 left on base; Syracuse 0 - Kennesaw 0
BOTTOM OF THE 2ND
Kennesaw Jets batting - Pitching for Syracuse Storm : LHP Shi-xian Kuai
Batting: LHB Félix Calixto 0-0: Ground out 4-3 (Groundball, 4M)
Batting: RHB Bernardo Martínez 0-0: Ball
1-0: SINGLE (Groundball, 4MD)
Batting: LHB Manuel Márquez 0-0: Called Strike
0-1: Ball
1-1: Swinging Strike
1-2: Foul Ball, location: 2F
1-2: Foul Ball, location: 2F
1-2: Ball
2-2: Strikes out swinging
Batting: RHB Diego Romero 0-0: Swinging Strike
0-1: Fielders Choice at 2nd, 6-4 (Groundball, 6)
Bottom of the 2nd over - 0 run(s), 1 hit(s), 0 error(s), 0 left on base; Syracuse 0 - Kennesaw 0
TOP OF THE 3RD
Syracuse Storm batting - Pitching for Kennesaw Jets : LHP Osiris St. Brown
Batting: LHB Mike Clifton 0-0: Fly out, F4 (Popup, 34D)
Batting: LHB José Trejo 0-0: Called Strike
0-1: Fly out, F7 (Flyball, 78M)
Batting: RHB Tsuginori Kobayashi 0-0: Called Strike
0-1: Ball
1-1: Swinging Strike
1-2: Ball
2-2: Ball
3-2: Fly out, F8 (Flyball, 8LM)
Top of the 3rd over - 0 run(s), 0 hit(s), 0 error(s), 0 left on base; Syracuse 0 - Kennesaw 0
BOTTOM OF THE 3RD
Kennesaw Jets batting - Pitching for Syracuse Storm : LHP Shi-xian Kuai
Batting: RHB Jason Hopdown 0-0: Ball
1-0: Ball
2-0: SINGLE (Line Drive, 78M)
Batting: RHB José Luna 0-0: Ball
1-0: Called Strike
1-1: Foul Ball, location: 2F
1-2: Foul Ball, location: 2F
1-2: Strikes out swinging
Batting: RHB Lester Kwiatkowski 0-0: Ball
1-0: Called Strike
Jason Hopdown steals 2nd base
1-1: Swinging Strike
1-2: Foul Ball, location: 2F
1-2: Ball
2-2: Strikes out swinging
Batting: RHB Jorge Cortéz 0-0: Reached on error, E1 (Groundball, P)
Jason Hopdown scores
Batting: RHB José Leyva 0-0: Swinging Strike
0-1: Called Strike
0-2: Strikes out swinging
Bottom of the 3rd over - 1 run(s), 1 hit(s), 1 error(s), 1 left on base; Syracuse 0 - Kennesaw 1
TOP OF THE 4TH
Syracuse Storm batting - Pitching for Kennesaw Jets : LHP Osiris St. Brown
Batting: LHB Juan Caro 0-0: Called Strike
0-1: Foul Ball, location: 2F
0-2: Strikes out swinging
Batting: LHB António Paez 0-0: Called Strike
0-1: Ground out U3 (Groundball, 34)
Batting: RHB Scotty Smalls 0-0: Called Strike
0-1: Ball
1-1: Swinging Strike
1-2: Ball
2-2: Strikes out looking
Top of the 4th over - 0 run(s), 0 hit(s), 0 error(s), 0 left on base; Syracuse 0 - Kennesaw 1
BOTTOM OF THE 4TH
Kennesaw Jets batting - Pitching for Syracuse Storm : LHP Shi-xian Kuai
Batting: LHB Félix Calixto 0-0: Foul Ball, location: 2F
0-1: Ball
1-1: Ball
2-1: Ball
3-1: Base on Balls
Batting: RHB Bernardo Martínez 0-0: Ball
1-0: Ball
2-0: Foul Ball, location: 2F
2-1: Foul Ball, location: 2F
2-2: Ball
3-2: Foul Ball, location: 2F
3-2: Fielders Choice at 2nd, 6-4 (Groundball, 6)
Batting: LHB Manuel Márquez 0-0: Called Strike
0-1: Ball
1-1: Ball
2-1: Foul Ball, location: 2F
2-2: Strikes out swinging
Batting: RHB Diego Romero 0-0: Ball
1-0: Called Strike
1-1: Ball
Wild Pitch!
Bernardo Martínez to second
2-1: SINGLE (Line Drive, 7LS)
Bernardo Martínez to third
Batting: RHB Jason Hopdown 0-0: Ball
1-0: Ball
2-0: Swinging Strike
2-1: Ball
3-1: Foul Ball, location: 2F
3-2: Strikes out swinging
Bottom of the 4th over - 0 run(s), 1 hit(s), 0 error(s), 2 left on base; Syracuse 0 - Kennesaw 1
TOP OF THE 5TH
Syracuse Storm batting - Pitching for Kennesaw Jets : LHP Osiris St. Brown
Batting: RHB Tommy Caplinger 0-0: DOUBLE (Line Drive, 7LM)
Batting: RHB Aethelwulf Haraldson 0-0: Fly out, F8 (Flyball, 8RD)
Runner from 2nd tags up, SAFE at 3rd, no throw
Batting: RHB Harry MacCash 0-0: Called Strike
0-1: Ball
1-1: Ball
2-1: Called Strike
2-2: Foul Ball, location: 2F
2-2: Strikes out looking
Batting: LHB Mike Clifton 0-0: Swinging Strike
0-1: Swinging Strike
0-2: Ball
1-2: Foul Ball, location: 2F
1-2: Strikes out looking
Top of the 5th over - 0 run(s), 1 hit(s), 0 error(s), 1 left on base; Syracuse 0 - Kennesaw 1
BOTTOM OF THE 5TH
Kennesaw Jets batting - Pitching for Syracuse Storm : LHP Shi-xian Kuai
Batting: RHB José Luna 0-0: Ground out 6-3 (Groundball, 6)
Batting: RHB Lester Kwiatkowski 0-0: Ball
1-0: Swinging Strike
1-1: Foul Ball, location: 2F
1-2: Ground out 1-3 (Groundball, 15S)
Batting: RHB Jorge Cortéz 0-0: Swinging Strike
0-1: Ball
1-1: Swinging Strike
1-2: Ball
2-2: Foul Ball, location: 2F
2-2: Foul Ball, location: 2F
2-2: Ball
3-2: Base on Balls
Batting: RHB José Leyva 0-0: Ball
1-0: Ground out 4-3 (Groundball, 4M)
Bottom of the 5th over - 0 run(s), 0 hit(s), 0 error(s), 1 left on base; Syracuse 0 - Kennesaw 1
TOP OF THE 6TH
Syracuse Storm batting - Pitching for Kennesaw Jets : LHP Osiris St. Brown
Batting: LHB José Trejo 0-0: Swinging Strike
0-1: Swinging Strike
0-2: Strikes out swinging
Batting: RHB Tsuginori Kobayashi 0-0: Ball
1-0: Foul Ball, location: 2F
1-1: Ball
2-1: Ball
3-1: Base on Balls
Batting: LHB Juan Caro 0-0: Ball
1-0: Foul Ball, location: 2F
1-1: Ball
2-1: Ball
3-1: Fly out, F6 (Popup, 6S)
Batting: LHB António Paez 0-0: Ball
1-0: Foul Ball, location: 2F
1-1: SINGLE (Groundball, 6D)
Tsuginori Kobayashi to second
Batting: RHB Scotty Smalls 0-0: Ball
1-0: SINGLE (Groundball, 6) (infield hit)
Tsuginori Kobayashi to third
António Paez to second
Batting: RHB Tommy Caplinger 0-0: Reached on error, E6 (Groundball, 6)
Tsuginori Kobayashi scores
António Paez to third
Scotty Smalls to second
Batting: RHB Aethelwulf Haraldson 0-0: Called Strike
0-1: Ball
1-1: Foul Ball, location: 2F
1-2: Strikes out swinging
Top of the 6th over - 1 run(s), 2 hit(s), 1 error(s), 3 left on base; Syracuse 1 - Kennesaw 1
BOTTOM OF THE 6TH
Kennesaw Jets batting - Pitching for Syracuse Storm : LHP Shi-xian Kuai
Batting: LHB Félix Calixto 0-0: Ball
1-0: Foul Ball, location: 2F
1-1: Foul Ball, location: 2F
1-2: Strikes out swinging
Batting: RHB Bernardo Martínez 0-0: Ball
1-0: Ball
2-0: Ball
3-0: Called Strike
3-1: DOUBLE (Flyball, 9LM)
Pitching: RHP Joel Farrell
Batting: LHB Manuel Márquez 0-0: Intentional Walk
Batting: RHB Diego Romero 0-0: Foul Ball, location: 2F
0-1: Swinging Strike
0-2: Ball
1-2: Strikes out looking
Batting: RHB Jason Hopdown 0-0: Called Strike
0-1: Fielders Choice at 2nd, 6-4 (Groundball, 6)
Bottom of the 6th over - 0 run(s), 1 hit(s), 0 error(s), 1 left on base; Syracuse 1 - Kennesaw 1
TOP OF THE 7TH
Syracuse Storm batting - Pitching for Kennesaw Jets : LHP Osiris St. Brown
Batting: RHB Harry MacCash 0-0: Ground out 5-3 (Groundball, 56S)
Batting: LHB Mike Clifton 0-0: Ball
1-0: Swinging Strike
1-1: Ball
2-1: Swinging Strike
2-2: Strikes out looking
Pinch Hitting: RHB Dave Maxwell 0-0: Swinging Strike
0-1: Ball
1-1: Ground out 4-3 (Groundball, 4)
Top of the 7th over - 0 run(s), 0 hit(s), 0 error(s), 0 left on base; Syracuse 1 - Kennesaw 1
BOTTOM OF THE 7TH
Kennesaw Jets batting - Pitching for Syracuse Storm : RHP Joel Farrell
Now at 1B: Dave Maxwell
Pinch Hitting: SHB Pat Sargent 0-0: Ball
1-0: Swinging Strike
1-1: Fly out, F9 (Line Drive, 89S)
Pinch Hitting: RHB Beau Murphy 0-0: Ball
1-0: Ball
2-0: Called Strike
2-1: Ball
3-1: Base on Balls
Batting: RHB Jorge Cortéz 0-0: Called Strike
0-1: Foul Ball, location: 2F
0-2: Ball
1-2: Ball
2-2: Strikes out swinging
Batting: RHB José Leyva 0-0: Ball
1-0: Ball
2-0: Foul Ball, location: 2F
2-1: Foul Ball, location: 2F
2-2: Ball
3-2: Foul Ball, location: 2F
3-2: Foul Ball, location: 2F
3-2: Strikes out swinging, 2-3 out at first.
Bottom of the 7th over - 0 run(s), 0 hit(s), 0 error(s), 1 left on base; Syracuse 1 - Kennesaw 1
TOP OF THE 8TH
Syracuse Storm batting - Pitching for Kennesaw Jets : LHP Osiris St. Brown
Now at 1B: Pat Sargent
Now at 3B: Beau Murphy
Batting: RHB Tsuginori Kobayashi 0-0: Swinging Strike
0-1: Foul Ball, location: 2F
0-2: Ball
1-2: Ball
2-2: Strikes out swinging
Pinch Hitting: RHB Vince Staples 0-0: Ball
1-0: Ball
2-0: Ball
3-0: Called Strike
3-1: Fly out, F9 (Flyball, 89D)
Pinch Hitting: RHB Gordon Freeman 0-0: Ball
1-0: Ball
2-0: Foul Ball, location: 2F
2-1: Called Strike
2-2: Foul Ball, location: 2F
2-2: Ground out 4-3 (Groundball, 4)
Top of the 8th over - 0 run(s), 0 hit(s), 0 error(s), 0 left on base; Syracuse 1 - Kennesaw 1
BOTTOM OF THE 8TH
Kennesaw Jets batting - Pitching for Syracuse Storm : RHP Joel Farrell
Now at 2B: William Duffy
Now in CF: António Macías
Batting: LHB Félix Calixto 0-0: Fly out, F4 (Popup, 34D)
Pinch Hitting: RHB Vic Richards 0-0: Called Strike
0-1: Foul Ball, location: 2F
0-2: Strikes out looking
Batting: LHB Manuel Márquez 0-0: Ball
1-0: Ball
2-0: Foul Ball, location: 2F
2-1: Foul Ball, location: 2F
2-2: Reached on error, E8 (Flyball, 89D)
Batting: RHB Diego Romero 0-0: Ball
1-0: Foul Ball, location: 2F
1-1: Ball
2-1: SINGLE (Groundball, 3D)
Manuel Márquez to third
Runner from 3rd tries for Home, SAFE, no throw
Pinch Hitting: RHB Juan Moreno 0-0: Fly out, F8 (Flyball, 8RM)
Bottom of the 8th over - 1 run(s), 1 hit(s), 1 error(s), 1 left on base; Syracuse 1 - Kennesaw 2
TOP OF THE 9TH
Syracuse Storm batting - Pitching for Kennesaw Jets : LHP Osiris St. Brown
Pitching: RHP Mau Delgado
Now at 2B: Miguel Angel Montaño
Now at SS: Juan Moreno
Batting: RHB Scotty Smalls 0-0: Fly out, F3 (Popup, 3L)
Pinch Hitting: LHB Hamilton Porter 0-0: Ball
1-0: Ground out 4-3 (Groundball, 4MS)
Batting: RHB Aethelwulf Haraldson 0-0: Ball
1-0: Swinging Strike
1-1: Foul Ball, location: 2F
1-2: Ball
2-2: Ball
3-2: SINGLE (Flyball, 89S)
Batting: RHB Harry MacCash 0-0: Swinging Strike
0-1: Ball
1-1: Foul Ball, location: 2F
1-2: Strikes out swinging
Top of the 9th over - 0 run(s), 1 hit(s), 0 error(s), 1 left on base; Syracuse 1 - Kennesaw 2
Wednesday, August 30th, 2017 - OOTP Baseball 17.12 Build 75